Workbook

Sheet 月摘要
A1: 46296 | B1: ← 摘要月份（填該月 1 日）
A2: 示範公司台灣 2026 年月毛利摘要（美元）
A3: 外部交易 | B3: 銷貨 | C3: 成本 | D3: 毛利 | E3: 毛利率
A4: Spares | B4: =-SUMIFS(INDEX(原始資料!$K$2:$V$300,0,MONTH($A$1)),原始資料!$Y$2:$Y$300,$A4,原始資料!$Z$2:$Z$300,"銷貨",原始資料!$AA$2:$AA$300,"外部") | C4: =-SUMIFS(INDEX(原始資料!$K$2:$V$300,0,MONTH($A$1)),原始資料!$Y$2:$Y$300,$A4,原始資料!$Z$2:$Z$300,"成本",原始資料!$AA$2:$AA$300,"外部") | D4: =B4+C4 | E4: =IF(B4=0,"—",D4/B4)
A5: Upgrades | B5: =-SUMIFS(INDEX(原始資料!$K$2:$V$300,0,MONTH($A$1)),原始資料!$Y$2:$Y$300,$A5,原始資料!$Z$2:$Z$300,"銷貨",原始資料!$AA$2:$AA$300,"外部") | C5: =-SUMIFS(INDEX(原始資料!$K$2:$V$300,0,MONTH($A$1)),原始資料!$Y$2:$Y$300,$A5,原始資料!$Z$2:$Z$300,"成本",原始資料!$AA$2:$AA$300,"外部") | D5: =B5+C5 | E5: =IF(B5=0,"—",D5/B5)
A6: Service | B6: =-SUMIFS(INDEX(原始資料!$K$2:$V$300,0,MONTH($A$1)),原始資料!$Y$2:$Y$300,$A6,原始資料!$Z$2:$Z$300,"銷貨",原始資料!$AA$2:$AA$300,"外部") | C6: =-SUMIFS(INDEX(原始資料!$K$2:$V$300,0,MONTH($A$1)),原始資料!$Y$2:$Y$300,$A6,原始資料!$Z$2:$Z$300,"成本",原始資料!$AA$2:$AA$300,"外部") | D6: =B6+C6 | E6: =IF(B6=0,"—",D6/B6)
A7: Used Tools | B7: =-SUMIFS(INDEX(原始資料!$K$2:$V$300,0,MONTH($A$1)),原始資料!$Y$2:$Y$300,$A7,原始資料!$Z$2:$Z$300,"銷貨",原始資料!$AA$2:$AA$300,"外部") | C7: =-SUMIFS(INDEX(原始資料!$K$2:$V$300,0,MONTH($A$1)),原始資料!$Y$2:$Y$300,$A7,原始資料!$Z$2:$Z$300,"成本",原始資料!$AA$2:$AA$300,"外部") | D7: =B7+C7 | E7: =IF(B7=0,"—",D7/B7)
A8: 外部交易合計 | B8: =SUM(B4:B7) | C8: =SUM(C4:C7) | D8: =SUM(D4:D7) | E8: =IF(B8=0,"—",D8/B8)
A10: 關係企業銷售 | B10: =-SUMIFS(INDEX(原始資料!$K$2:$V$300,0,MONTH($A$1)),原始資料!$Z$2:$Z$300,"銷貨",原始資料!$AA$2:$AA$300,"關係企業",原始資料!$Y$2:$Y$300,"<>未對應") | C10: =-SUMIFS(INDEX(原始資料!$K$2:$V$300,0,MONTH($A$1)),原始資料!$Z$2:$Z$300,"成本",原始資料!$AA$2:$AA$300,"關係企業",原始資料!$Y$2:$Y$300,"<>未對應") | D10: =B10+C10 | E10: =IF(B10=0,"—",D10/B10)
A11: 全部合計 | B11: =B8+B10 | C11: =C8+C10 | D11: =D8+D10 | E11: =IF(B11=0,"—",D11/B11)

Sheet 原始資料
A1: GL ACB Ccn | B1: GL ACB Fiscal Year | C1: GL ACB Currency | D1: GL_ACB_Nat_Acct | E1: GL_ACB_NatAcct_Group | F1: GL_ACB_Dept | G1: GL_ACB_Prod | I1: GL_ACB_Proj/Source | J1: Opening_Bal | K1: Jan_Net_Act | L1: Feb_Net_Act | M1: Mar_Net_Act | N1: Apr_Net_Act | O1: May_Net_Act | P1: Jun_Net_Act | Q1: Jul_Net_Act | R1: Aug_Net_Act | S1: Sep_Net_Act | T1: Oct_Net_Act | U1: Nov_Net_Act | V1: Dec_Net_Act | W1: Gl Description | X1: YTD | Y1: 產品線 | Z1: 類別 | AA1: 交易別
A2: TW | B2: 2025 | C2: USD | D2: 4001001 | E2: 40 | F2: 0000 | G2: C310 | H2: =CONCATENATE(D2,"-",F2,"-",G2,"-",I2) | I2: LOCL | J2: 0 | K2: -131146.28 | L2: -134525.37 | M2: -135823.29 | N2: -132829.39 | O2: -130851.87 | P2: -132715.01 | Q2: -133871.34 | R2: -130196.04 | S2: -131787.19 | T2: -132407.31 | U2: -130827.38 | V2: -134704.92 | W2: SALES TRADE-DOMESTIC | X2: -1591685.4 | Y2: =IF($H2="","",IFERROR(VLOOKUP($H2,代碼對照!$A:$B,2,FALSE),"未對應")) | Z2: =IF($D2="","",IF(LEFT($D2,1)="4","銷貨","成本")) | AA2: =IF($I2="","",IF($I2="LOCL","外部","關係企業"))
A3: TW | B3: 2025 | C3: USD | D3: 4001001 | E3: 40 | F3: 0000 | G3: R330 | H3: =CONCATENATE(D3,"-",F3,"-",G3,"-",I3) | I3: LOCL | J3: 0 | K3: -260474.55 | L3: -159479.42 | M3: -242857.54 | N3: -164518.14 | O3: -229862.29 | P3: -166302.6 | Q3: -156207.45 | R3: -202151.83 | S3: -180389.3 | T3: -149722.29 | U3: -224965.65 | V3: -144662.29 | W3: SALES TRADE-DOMESTIC | X3: -2281593.4 | Y3: =IF($H3="","",IFERROR(VLOOKUP($H3,代碼對照!$A:$B,2,FALSE),"未對應")) | Z3: =IF($D3="","",IF(LEFT($D3,1)="4","銷貨","成本")) | AA3: =IF($I3="","",IF($I3="LOCL","外部","關係企業"))
A4: TW | B4: 2025 | C4: USD | D4: 4001001 | E4: 40 | F4: 0000 | G4: S110 | H4: =CONCATENATE(D4,"-",F4,"-",G4,"-",I4) | I4: LOCL | J4: 0 | K4: -136065.75 | L4: -161658.16 | M4: -136413.57 | N4: -134752.84 | O4: -148280.36 | P4: -121651.65 | Q4: -148814.48 | R4: -129109.69 | S4: -126885.25 | T4: -156917.09 | U4: -113599.74 | V4: -106603.18 | W4: SALES TRADE-DOMESTIC | X4: -1620751.8 | Y4: =IF($H4="","",IFERROR(VLOOKUP($H4,代碼對照!$A:$B,2,FALSE),"未對應")) | Z4: =IF($D4="","",IF(LEFT($D4,1)="4","銷貨","成本")) | AA4: =IF($I4="","",IF($I4="LOCL","外部","關係企業"))
A5: TW | B5: 2025 | C5: USD | D5: 4001001 | E5: 40 | F5: 0000 | G5: S120 | H5: =CONCATENATE(D5,"-",F5,"-",G5,"-",I5) | I5: LOCL | J5: 0 | K5: -185717.79 | L5: -157512.77 | M5: -186584.01 | N5: -178494.07 | O5: -148306.73 | P5: -192333.78 | Q5: -171154.14 | R5: -210534.06 | S5: -175823.77 | T5: -159286.01 | U5: -163748.84 | V5: -138086.87 | W5: SALES TRADE-DOMESTIC | X5: -2067582.8 | Y5: =IF($H5="","",IFERROR(VLOOKUP($H5,代碼對照!$A:$B,2,FALSE),"未對應")) | Z5: =IF($D5="","",IF(LEFT($D5,1)="4","銷貨","成本")) | AA5: =IF($I5="","",IF($I5="LOCL","外部","關係企業"))
A6: TW | B6: 2025 | C6: USD | D6: 4001001 | E6: 40 | F6: 0000 | G6: S130 | H6: =CONCATENATE(D6,"-",F6,"-",G6,"-",I6) | I6: LOCL | J6: 0 | K6: 0 | L6: 0 | M6: 0 | N6: 0 | O6: 0 | P6: 0 | Q6: 0 | R6: 0 | S6: 0 | T6: 0 | U6: 0 | V6: 0 | W6: SALES TRADE-DOMESTIC | X6: 0 | Y6: =IF($H6="","",IFERROR(VLOOKUP($H6,代碼對照!$A:$B,2,FALSE),"未對應")) | Z6: =IF($D6="","",IF(LEFT($D6,1)="4","銷貨","成本")) | AA6: =IF($I6="","",IF($I6="LOCL","外部","關係企業"))
A7: TW | B7: 2025 | C7: USD | D7: 4001001 | E7: 40 | F7: 0000 | G7: T320 | H7: =CONCATENATE(D7,"-",F7,"-",G7,"-",I7) | I7: LOCL | J7: 0 | K7: -17629.53 | L7: -53644.78 | M7: -74054.63 | N7: -40260.96 | O7: -59082.36 | P7: -48984.58 | Q7: -22408.66 | R7: -19146.54 | S7: -39817.62 | T7: -41001.32 | U7: -60485.77 | V7: -79646.54 | W7: SALES TRADE-DOMESTIC | X7: -556163.29 | Y7: =IF($H7="","",IFERROR(VLOOKUP($H7,代碼對照!$A:$B,2,FALSE),"未對應")) | Z7: =IF($D7="","",IF(LEFT($D7,1)="4","銷貨","成本")) | AA7: =IF($I7="","",IF($I7="LOCL","外部","關係企業"))
A8: TW | B8: 2025 | C8: USD | D8: 4001001 | E8: 40 | F8: 0000 | G8: U210 | H8: =CONCATENATE(D8,"-",F8,"-",G8,"-",I8) | I8: LOCL | J8: 0 | K8: -85635.22 | L8: -131525.91 | M8: -97227.42 | N8: -88244.07 | O8: -131052.53 | P8: -89738 | Q8: -54506.71 | R8: -140335.2 | S8: -129785.28 | T8: -139926.78 | U8: -91207.61 | V8: -115566.65 | W8: SALES TRADE-DOMESTIC | X8: -1294751.4 | Y8: =IF($H8="","",IFERROR(VLOOKUP($H8,代碼對照!$A:$B,2,FALSE),"未對應")) | Z8: =IF($D8="","",IF(LEFT($D8,1)="4","銷貨","成本")) | AA8: =IF($I8="","",IF($I8="LOCL","外部","關係企業"))
A9: TW | B9: 2025 | C9: USD | D9: 4001001 | E9: 40 | F9: 0000 | G9: X410 | H9: =CONCATENATE(D9,"-",F9,"-",G9,"-",I9) | I9: LOCL | J9: 0 | K9: 0 | L9: 0 | M9: 0 | N9: 0 | O9: 0 | P9: 0 | Q9: 0 | R9: 0 | S9: 0 | T9: 0 | U9: 0 | V9: 0 | W9: SALES TRADE-DOMESTIC | X9: 0 | Y9: =IF($H9="","",IFERROR(VLOOKUP($H9,代碼對照!$A:$B,2,FALSE),"未對應")) | Z9: =IF($D9="","",IF(LEFT($D9,1)="4","銷貨","成本")) | AA9: =IF($I9="","",IF($I9="LOCL","外部","關係企業"))
A10: TW | B10: 2025 | C10: USD | D10: 4095001 | E10: 40 | F10: 0000 | G10: S120 | H10: =CONCATENATE(D10,"-",F10,"-",G10,"-",I10) | I10: IC01 | J10: 0 | K10: -58724.76 | L10: -61021.99 | M10: -32095.46 | N10: 0 | O10: 0 | P10: 0 | Q10: -53419.81 | R10: -20185.27 | S10: -50562.99 | T10: 0 | U10: -25422.74 | V10: 0 | W10: SALES INTRACO-RESALES | X10: -301433.02 | Y10: =IF($H10="","",IFERROR(VLOOKUP($H10,代碼對照!$A:$B,2,FALSE),"未對應")) | Z10: =IF($D10="","",IF(LEFT($D10,1)="4","銷貨","成本")) | AA10: =IF($I10="","",IF($I10="LOCL","外部","關係企業"))
A11: TW | B11: 2025 | C11: USD | D11: 4095001 | E11: 40 | F11: 0000 | G11: S120 | H11: =CONCATENATE(D11,"-",F11,"-",G11,"-",I11) | I11: IC02 | J11: 0 | K11: -54994.54 | L11: -59792.64 | M11: -36135.04 | N11: -18200.83 | O11: 0 | P11: 0 | Q11: -20469.92 | R11: 0 | S11: 0 | T11: -65766.15 | U11: 0 | V11: -26419.06 | W11: SALES INTRACO-RESALES | X11: -281778.18 | Y11: =IF($H11="","",IFERROR(VLOOKUP($H11,代碼對照!$A:$B,2,FALSE),"未對應")) | Z11: =IF($D11="","",IF(LEFT($D11,1)="4","銷貨","成本")) | AA11: =IF($I11="","",IF($I11="LOCL","外部","關係企業"))
A12: TW | B12: 2025 | C12: USD | D12: 4095001 | E12: 40 | F12: 0000 | G12: S120 | H12: =CONCATENATE(D12,"-",F12,"-",G12,"-",I12) | I12: IC05 | J12: 0 | K12: 0 | L12: 0 | M12: 0 | N12: -25113.08 | O12: 0 | P12: 0 | Q12: -55352.01 | R12: -60428.24 | S12: -52877.52 | T12: 0 | U12: -68924.21 | V12: -29174.51 | W12: SALES INTRACO-RESALES | X12: -291869.57 | Y12: =IF($H12="","",IFERROR(VLOOKUP($H12,代碼對照!$A:$B,2,FALSE),"未對應")) | Z12: =IF($D12="","",IF(LEFT($D12,1)="4","銷貨","成本")) | AA12: =IF($I12="","",IF($I12="LOCL","外部","關係企業"))
A13: TW | B13: 2025 | C13: USD | D13: 4095001 | E13: 40 | F13: 0000 | G13: U210 | H13: =CONCATENATE(D13,"-",F13,"-",G13,"-",I13) | I13: IC02 | J13: 0 | K13: 0 | L13: 0 | M13: 0 | N13: 0 | O13: -29649.5 | P13: -63101.74 | Q13: -34385.86 | R13: 0 | S13: -52261.82 | T13: 0 | U13: 0 | V13: -69523.67 | W13: SALES INTRACO-RESALES | X13: -248922.59 | Y13: =IF($H13="","",IFERROR(VLOOKUP($H13,代碼對照!$A:$B,2,FALSE),"未對應")) | Z13: =IF($D13="","",IF(LEFT($D13,1)="4","銷貨","成本")) | AA13: =IF($I13="","",IF($I13="LOCL","外部","關係企業"))
... A34: TW | B34: 2025 | C34: USD | D34: 5095001 | E34: 50 | F34: 0000 | G34: U210 | H34: =CONCATENATE(D34,"-",F34,"-",G34,"-",I34) | I34: IC05 | J34: 0 | K34: 0 | L34: 0 | M34: 0 | N34: 0 | O34: 0 | P34: 0 | Q34: 0 | R34: 0 | S34: 0 | T34: 0 | U34: 0 | V34: 0 | W34: CGS INTRACO-INTL | X34: 0 | Y34: =IF($H34="","",IFERROR(VLOOKUP($H34,代碼對照!$A:$B,2,FALSE),"未對應")) | Z34: =IF($D34="","",IF(LEFT($D34,1)="4","銷貨","成本")) | AA34: =IF($I34="","",IF($I34="LOCL","外部","關係企業"))
Y35: =IF($H35="","",IFERROR(VLOOKUP($H35,代碼對照!$A:$B,2,FALSE),"未對應")) | Z35: =IF($D35="","",IF(LEFT($D35,1)="4","銷貨","成本")) | AA35: =IF($I35="","",IF($I35="LOCL","外部","關係企業"))
Y36: =IF($H36="","",IFERROR(VLOOKUP($H36,代碼對照!$A:$B,2,FALSE),"未對應")) | Z36: =IF($D36="","",IF(LEFT($D36,1)="4","銷貨","成本")) | AA36: =IF($I36="","",IF($I36="LOCL","外部","關係企業"))
Y37: =IF($H37="","",IFERROR(VLOOKUP($H37,代碼對照!$A:$B,2,FALSE),"未對應")) | Z37: =IF($D37="","",IF(LEFT($D37,1)="4","銷貨","成本")) | AA37: =IF($I37="","",IF($I37="LOCL","外部","關係企業"))
Y38: =IF($H38="","",IFERROR(VLOOKUP($H38,代碼對照!$A:$B,2,FALSE),"未對應")) | Z38: =IF($D38="","",IF(LEFT($D38,1)="4","銷貨","成本")) | AA38: =IF($I38="","",IF($I38="LOCL","外部","關係企業"))
Y39: =IF($H39="","",IFERROR(VLOOKUP($H39,代碼對照!$A:$B,2,FALSE),"未對應")) | Z39: =IF($D39="","",IF(LEFT($D39,1)="4","銷貨","成本")) | AA39: =IF($I39="","",IF($I39="LOCL","外部","關係企業"))
Y40: =IF($H40="","",IFERROR(VLOOKUP($H40,代碼對照!$A:$B,2,FALSE),"未對應")) | Z40: =IF($D40="","",IF(LEFT($D40,1)="4","銷貨","成本")) | AA40: =IF($I40="","",IF($I40="LOCL","外部","關係企業"))
Y41: =IF($H41="","",IFERROR(VLOOKUP($H41,代碼對照!$A:$B,2,FALSE),"未對應")) | Z41: =IF($D41="","",IF(LEFT($D41,1)="4","銷貨","成本")) | AA41: =IF($I41="","",IF($I41="LOCL","外部","關係企業"))
Y42: =IF($H42="","",IFERROR(VLOOKUP($H42,代碼對照!$A:$B,2,FALSE),"未對應")) | Z42: =IF($D42="","",IF(LEFT($D42,1)="4","銷貨","成本")) | AA42: =IF($I42="","",IF($I42="LOCL","外部","關係企業"))
Y43: =IF($H43="","",IFERROR(VLOOKUP($H43,代碼對照!$A:$B,2,FALSE),"未對應")) | Z43: =IF($D43="","",IF(LEFT($D43,1)="4","銷貨","成本")) | AA43: =IF($I43="","",IF($I43="LOCL","外部","關係企業"))
Y44: =IF($H44="","",IFERROR(VLOOKUP($H44,代碼對照!$A:$B,2,FALSE),"未對應")) | Z44: =IF($D44="","",IF(LEFT($D44,1)="4","銷貨","成本")) | AA44: =IF($I44="","",IF($I44="LOCL","外部","關係企業"))
Y45: =IF($H45="","",IFERROR(VLOOKUP($H45,代碼對照!$A:$B,2,FALSE),"未對應")) | Z45: =IF($D45="","",IF(LEFT($D45,1)="4","銷貨","成本")) | AA45: =IF($I45="","",IF($I45="LOCL","外部","關係企業"))
Y46: =IF($H46="","",IFERROR(VLOOKUP($H46,代碼對照!$A:$B,2,FALSE),"未對應")) | Z46: =IF($D46="","",IF(LEFT($D46,1)="4","銷貨","成本")) | AA46: =IF($I46="","",IF($I46="LOCL","外部","關係企業"))
... Y300: =IF($H300="","",IFERROR(VLOOKUP($H300,代碼對照!$A:$B,2,FALSE),"未對應")) | Z300: =IF($D300="","",IF(LEFT($D300,1)="4","銷貨","成本")) | AA300: =IF($I300="","",IF($I300="LOCL","外部","關係企業"))

Sheet 代碼對照
A1: 鍵值 | B1: 產品線 | C1: 說明
A2: 4001001-0000-C310-LOCL | B2: Service | C2: SALES TRADE-DOMESTIC
A3: 4001001-0000-R330-LOCL | B3: Service | C3: SALES TRADE-DOMESTIC
A4: 4001001-0000-S110-LOCL | B4: Spares | C4: SALES TRADE-DOMESTIC
A5: 4001001-0000-S120-LOCL | B5: Spares | C5: SALES TRADE-DOMESTIC
A6: 4001001-0000-S130-LOCL | B6: Spares | C6: SALES TRADE-DOMESTIC
A7: 4001001-0000-T320-LOCL | B7: Service | C7: SALES TRADE-DOMESTIC
A8: 4001001-0000-U210-LOCL | B8: Upgrades | C8: SALES TRADE-DOMESTIC
A9: 4001001-0000-X410-LOCL | B9: Used Tools | C9: SALES TRADE-DOMESTIC
A10: 4095001-0000-S120-IC01 | B10: Spares | C10: SALES INTRACO-RESALES（關係企業 IC01）
A11: 4095001-0000-S120-IC02 | B11: Spares | C11: SALES INTRACO-RESALES（關係企業 IC02）
A12: 4095001-0000-S120-IC05 | B12: Spares | C12: SALES INTRACO-RESALES（關係企業 IC05）
... A34: 5095001-0000-U210-IC05 | B34: Upgrades | C34: CGS INTRACO-INTL（關係企業 IC05）

Sheet 說明
A1: 合成教學資料：本檔公司、科目、產品代碼、關係企業代碼與所有金額都是為課堂練習自訂，與任何真實公司的帳務無關。
A2: 每月作法：把當月的 GL 匯出（F1 的 A–X 欄）貼到「原始資料」工作表 A–X 欄，再到「月摘要」A1 選月份。
A3: 「原始資料」的 Y–AA 欄是輔助公式：用 H 欄鍵值到「代碼對照」查產品線，查不到會顯示「未對應」。
A4: 月摘要的銷貨與成本都加了負號：銷貨在 GL 是負數，轉成正數呈現；成本因此呈現為負數，毛利＝銷貨＋成本。
